 Dungeon Crawl Stone Soup version 0.19.0-23-gf02e663 (webtiles) character file.

113 Nimsei the Poker (level 4, -5/33 HPs)
             Began as a Demonspawn Gladiator on Nov 19, 2016.
             Slain by max's ghost (8 damage)
             ... on level 4 of the Dungeon.
             The game lasted 00:07:09 (794 turns).

Nimsei the Poker (Demonspawn Gladiator)              Turns: 794, Time: 00:07:12

Health: -5/33      AC:  9    Str: 21    XL:     4   Next: 65%
Magic:  4/4        EV:  9    Int:  9    God:
Gold:   74         SH:  0    Dex: 14    Spells: 0 memorised, 3 levels left

rFire  . . .     SeeInvis .     a - +0 trident
rCold  . . .     Gourm    .     j - +0 chain mail
rNeg   . . .     Faith    .     (no shield)
rPois  .         Spirit   .     c - +0 helmet
rElec  .         Reflect  .     (no cloak)
rCorr  .         Harm     .     (no gloves)
MR     .....                    (no boots)
Stlth  ..........               h - amulet of magic regeneration
                                (no ring)
                                (no ring)

@: mighty, lethally poisoned (-5 -> -11)
A: powered by pain 1, spiny 1
a: no special abilities


You were on level 4 of the Dungeon.
You were not hungry.

You visited 1 branch of the dungeon, and saw 4 of its levels.

You collected 74 gold pieces.

Inventory:

Hand Weapons
 a - a +0 trident (weapon)
Missiles
 d - 2 throwing nets (quivered)
Armour
 c - a +0 helmet (worn)
 j - a +0 chain mail (worn)
Jewellery
 h - an amulet of magic regeneration (around neck)
Scrolls
 l - a scroll of amnesia
 m - a scroll of remove curse
 n - a scroll of random uselessness {unknown}
Potions
 e - a potion of curing
 i - a potion of magic {unknown}
Comestibles
 b - a slice of pizza
 f - 2 bread rations
 k - a meat ration


   Skills:
 + Level 2.2 Fighting
 + Level 3.9 Polearms
 + Level 2.1 Throwing
 + Level 0.6 Armour
 + Level 3.4 Dodging
 + Level 0.4 Stealth


You had 3 spell levels left.
You didn't know any spells.

Dungeon Overview and Level Annotations

Branches:
Dungeon (4/15)
 Temple: D:4-7

Altars:

Annotations:
D:4 max's ghost, novice MiFi


Innate Abilities, Weirdness & Mutations

You sometimes gain a little power by taking damage.
You are partially covered in sharp spines.


Message History

You hit max's ghost but do no damage. Max's ghost hits you!
You focus on the pain.
You feel very mighty all of a sudden. Space bends around you.
You hit max's ghost.
Max's ghost is lightly damaged.
Max's ghost hits you but does no damage.
You are poisoned.
You puncture max's ghost!
Max's ghost is lightly damaged.
You feel sick.
Max's ghost hits you but does no damage.
Your chain mail prevents you from hitting max's ghost.
Max's ghost is lightly damaged.
You feel sick. Max's ghost hits you!
* * * LOW HITPOINT WARNING * * *
Max's ghost freezes you.
* * * LOW HITPOINT WARNING * * *
Max's ghost hits you!
You die...

##.###.###
#.........
#..###..## #..# #
#..# #..#
###########..#
#.§§§§§§§§...##
#.#######@§...###..
#.# #.W.........
#.# #......###..
#.######.#...##
#...........##
########.#### #...
#####


You could see max's ghost.

Vanquished Creatures
  A scorpion (D:3)
  Ijyb (D:2)
  2 adders
  A worm (D:2)
  2 bats (D:2)
  2 bat zombies (D:1)
  A giant cockroach (D:2)
  4 goblins
  3 kobolds
  A rat (D:3)
18 creatures vanquished.

Notes
Turn   | Place    | Note
-------+----------+-------------------------------------------
     0 | D:1      | Nimsei the Demonspawn Gladiator began the quest for the Orb.
     0 | D:1      | Reached XP level 1. HP: 16/16 MP: 1/1
   386 | D:2      | Gained mutation: You sometimes gain a little power by taking damage. [demonic ancestry]
   386 | D:2      | Reached XP level 2. HP: 22/22 MP: 2/2
   439 | D:2      | Noticed Ijyb
   463 | D:2      | Killed Ijyb
   463 | D:2      | Gained mutation: You are partially covered in sharp spines. [demonic ancestry]
   463 | D:2      | Reached XP level 3. HP: 16/27 MP: 3/3
   690 | D:3      | Noticed a scorpion
   698 | D:3      | Killed a scorpion
   698 | D:3      | Reached XP level 4. HP: 33/33 MP: 4/4
   788 | D:4      | Noticed max's ghost (novice MiFi)
   794 | D:4      | Slain by max's ghost

Skill      XL: |  1  2 |
---------------+-------+-----
Polearms       | 3 |  3.9
Dodging        | 3 |  3.4
Throwing       | 2 |  2.1
Fighting       | |  2.2
Armour         | |  0.6
Stealth        | |  0.4

Action                   |  1- 3 |  4- 6 || total
-------------------------+-------+-------++-------
Melee: Trident           |    70 |     6 ||    76
Throw: Throwing net      |     1 |       ||     1
  Use: Scroll            |     5 |     1 ||     6
 Stab: Held in net/web   |     2 |       ||     2
Armor: Leather armour    |    32 |       ||    32
       Chain mail        |    10 |     2 ||    12
Dodge: Dodged            |    56 |     1 ||    57
